 Dungeon Crawl Stone Soup version 0.23.0-3-gf3c87f2 (webtiles) character file.

Game seed: 15946504788067819745

780 Scud the Covert (level 7, -1/35 HPs)
             Began as a Spriggan Assassin on Feb 23, 2019.
             Was an Initiate of Dithmenos.
             Killed from afar by Dowan (15 damage)
             ... with a puff of frost
             ... on level 5 of the Dungeon.
             The game lasted 00:21:08 (7652 turns).

Scud the Covert (Spriggan Assassin)                 Turns: 7652, Time: 00:21:09

Health: -1/35      AC:  3    Str:  6 (7)  XL:     7   Next: 55%
Magic:  8/8        EV: 20    Int:  9 (12) God:    Dithmenos [......]
Gold:   173        SH:  0    Dex: 18 (20) Spells: 6/6 levels left

rFire    . . .     SeeInvis +   a - +3 dagger
rCold    . . .     Gourm    .   (shield restricted)
rNeg     + . .     Faith    .   c - +0 robe
rPois    .         Spirit   .   (helmet restricted)
rElec    .         Reflect  .   d - +0 cloak
rCorr    .         Harm     .   (gloves unavailable)
MR       +....                  (boots unavailable)
Stlth    ++........             (no amulet)
HPRegen  0.11/turn              j - ring of positive energy
MPRegen  0.11/turn              (no ring)

@: glowing, very quick
A: very small, unfitting armour, see invisible, herbivore, speed 3, slow
metabolism 2
a: Renounce Religion


You were on level 5 of the Dungeon.
You worshipped Dithmenos.
Dithmenos was noncommittal.
You were not hungry.

You visited 2 branches of the dungeon, and saw 6 of its levels.

You collected 173 gold pieces.

Inventory:

Hand Weapons
 a - a +3 dagger (weapon)
 b - a +0 blowgun
 n - a +0 hunting sling
Missiles
 e - 8 poisoned needles
 f - 2 curare-tipped needles
 p - 70 stones (quivered)
Armour
 c - a +0 robe (worn)
 d - a +0 cloak (worn)
Jewellery
 j - a ring of positive energy (left hand)
Scrolls
 h - 4 scrolls of identify
 i - a scroll of enchant armour {unknown}
 m - a scroll of immolation {unknown}
 o - a scroll of blinking {unknown}
Comestibles
 g - 6 rations


   Skills:
 + Level 2.5 Fighting
 * Level 6.3 Short Blades
 + Level 2.2(2.8) Slings
 + Level 2.0(2.3) Throwing
 + Level 4.6 Dodging
 + Level 9.1 Stealth


You had 6 spell levels left.
You didn't know any spells.
Your spell library contained the following spells:

 Spells                   Type           Power        Failure   Level  Hunger
 Magic Dart               Conj           #...         38%         1    ##.....
 Searing Ray              Conj           #.....       52%         2    ###....
 Dazzling Spray           Conj/Hex       #.....       77%         3    ####...
 Force Lance              Conj/Tloc      #.......     99%         4    #####..
 Fulminant Prism          Conj/Hex       #.........   99%         4    #####..
 Iskenderun's Mystic Bla  Conj           #.......     99%         4    #####..


Dungeon Overview and Level Annotations

Branches:
Dungeon (5/15)             Temple (1/1) D:4

Altars:
Ashenzari
Cheibriados
Dithmenos
Elyvilon
Fedhas
Gozag
Hepliaklqana
Kikubaaqudgha
Makhleb
Nemelex Xobeh
Okawaru
Qazlal
Ru
Sif Muna
Vehumet
Wu Jian
Xom
Yredelemnul
Zin

Annotations:
D:5 Dowan, Duvessa


Innate Abilities, Weirdness & Mutations

You are very small and have problems with some larger weapons.
You are too small for most types of armour.
You have supernaturally acute eyesight. (SInv)
You are a herbivore.
You cover ground extremely quickly.
You need to consume almost no food.


Message History

You barely miss Dowan.
Dowan is heavily wounded.
Dowan hits you with a +0 dagger.
You barely miss Dowan.
Dowan is heavily wounded.
Dowan barely misses you.
You hit Dowan.
Dowan is severely wounded.
Dowan misses you.
You miss Dowan.
Dowan is severely wounded.
You hit Dowan.
Dowan is almost dead.
Dowan casts a spell at you.
You are outlined in light.
You barely miss Dowan.
Dowan is almost dead.
Dowan casts a spell at you. The puff of frost hits you!
You die...

####.##.#.##.####.## . #
#..........###...# #e #
#.#..#.###.......# .# #
#.#.###.######...# #.###
#.#.>#.## #...# ...( #.#.#.##
#...# ..## ###.(...# #...# ##..<#
.
##.<....########...#######..#....
##..#.#.#.......@e..(..[.........
....#............................
##.##.#.#.................#......
##.##.#.########...#########....#
##......# #...# .#### #.######
#...# .# #.# #...# .. #.# #...#
##.# #...#


You could see Dowan.

Vanquished Creatures
  A centaur (D:5)
  3 scorpions
  A crimson imp (D:5)
  A bullfrog zombie (D:5)
  A centaur zombie (D:3)
  3 hounds (D:3)
  2 orc wizards
  3 orc priests
  A worker ant (D:3)
  A hound skeleton (D:5)
  9 adders
  2 oozes (D:4)
  2 worms
  3 dart slugs
  A leopard gecko (D:5)
  5 orcs
  6 bats
  A giant cockroach (D:2)
  8 goblins
  9 hobgoblins
  9 jackals
  5 frilled lizards
  6 kobolds
  A leopard gecko skeleton (D:4)
  11 rats
95 creatures vanquished.

Vanquished Creatures (others)
  4 toadstools (D:1)
4 creatures vanquished.

Grand Total: 99 creatures vanquished

Notes
Turn   | Place    | Note
-------+----------+-------------------------------------------
     0 | D:1      | Scud the Spriggan Assassin began the quest for the Orb.
     0 | D:1      | Reached XP level 1. HP: 10/10 MP: 2/2
    43 | D:1      | Reached skill level 6 in Stealth
   154 | D:1      | Reached XP level 2. HP: 13/14 MP: 3/3
  1136 | D:2      | Reached skill level 7 in Stealth
  1136 | D:2      | Reached XP level 3. HP: 14/18 MP: 4/4
  1769 | D:2      | Reached XP level 4. HP: 23/23 MP: 5/5
  2829 | D:3      | Reached skill level 8 in Stealth
  2871 | D:3      | Reached XP level 5. HP: 26/26 MP: 6/6
  2937 | D:3      | Found a faded altar of an unknown god.
  3296 | D:3      | Found a shimmering altar of Xom.
  3296 | D:3      | Found a sparkling altar of Nemelex Xobeh.
  3311 | D:3      | Found a shattered altar of Ashenzari.
  3313 | D:3      | Found a radiant altar of Vehumet.
  3313 | D:3      | Found an iron altar of Okawaru.
  3317 | D:3      | Found a basalt altar of Yredelemnul.
  3318 | D:3      | Found a glowing silver altar of Zin.
  4299 | D:4      | Found an opulent altar of Gozag.
  4556 | D:3      | Reached XP level 6. HP: 15/30 MP: 7/7
  4909 | D:3      | Reached skill level 5 in Short Blades
  5562 | D:4      | Found a staircase to the Ecumenical Temple.
  5569 | Temple   | Entered the Ecumenical Temple
  5584 | Temple   | Became a worshipper of Dithmenos the Shadowed
  5654 | D:4      | Found a stormy altar of Qazlal.
  5755 | D:4      | Found a burning altar of Makhleb.
  6278 | D:5      | Entered Level 5 of the Dungeon
  6337 | D:4      | HP: 1/30 [poisoned by a scorpion]
  6657 | D:5      | Reached XP level 7. HP: 22/35 MP: 8/8
  6840 | D:5      | Found a blossoming altar of Fedhas.
  7001 | D:4      | Reached skill level 1 in Slings
  7001 | D:4      | Reached skill level 9 in Stealth
  7593 | D:5      | Noticed Dowan
  7594 | D:5      | Noticed Duvessa
  7652 | D:5      | Killed from afar by Dowan

Skill      XL: |  1  2  3  4  5  6  7 |
---------------+----------------------+-----
Stealth        | 6 7 8 9 |  9.1
Dodging        | 2 3 4 |  4.6
Short Blades   | 3 4 5 6 |  6.3
Fighting       | 2 |  2.5
Slings         | 2 |  2.2
Throwing       | |  2.0

Action                   |  1- 3 |  4- 6 |  7- 9 || total
-------------------------+-------+-------+-------++-------
Melee: Dagger            |    92 |   260 |    65 ||   417
 Fire: Hunting sling     |       |     3 |    31 ||    34
  Use: Scroll            |       |     5 |       ||     5
       Potion            |       |     7 |       ||     7
 Stab: Sleeping          |    16 |    11 |     4 ||    31
       Distracted        |       |       |     1 ||     1
  Eat: Ration            |       |     2 |     1 ||     3
Armor: Robe              |    11 |    17 |     3 ||    31
Dodge: Dodged            |    59 |   168 |    35 ||   262
